 Dungeon Crawl Stone Soup version 0.28.0 (webtiles) character file.

Game seed: 11508674122416351796

42 Krehm the Sneak (level 3, -4/23 HPs)
             Began as a Kobold Enchanter on Feb 17, 2022.
             Was an Initiate of Nemelex Xobeh.
             Slain by an ogre (14 damage)
             ... on level 3 of the Dungeon.
             The game lasted 00:06:16 (2386 turns).

Krehm the Sneak (Kobold Enchanter)                  Turns: 2386, Time: 00:06:16

Health: -4/23      AC:  2    Str:  5    XL:     3   Next: 77%
Magic:  1/6        EV: 15    Int: 16    God:    Nemelex Xobeh [......]
Gold:   82         SH:  0    Dex: 17    Spells: 4/6 levels left

rFire   . . .      SeeInvis .   a - +1 dagger
rCold   . . .      Faith    .   (no shield)
rNeg    . . .      Spirit   .   b - +0 robe
rPois   .          Reflect  .   (no helmet)
rElec   .          Harm     .   (no cloak)
rCorr   .          Rampage  .   (no gloves)
Will    .....                   (no boots)
Stlth   ++++......              (no amulet)
HPRegen 0.07/turn               (no ring)
MPRegen 0.10/turn               (no ring)

@: invisible
A: small, no large weapons, nightstalker 3
a: Renounce Religion, Draw Escape, Draw Destruction, Draw Summoning


You were on level 3 of the Dungeon.
You worshipped Nemelex Xobeh.
Nemelex Xobeh was noncommittal.
You visited 1 branch of the dungeon, and saw 3 of its levels.

You collected 82 gold pieces.

Inventory:

Hand Weapons
 a - a +1 dagger (weapon)
Missiles
 d - 63 stones (quivered)
Armour
 b - a +0 robe (worn)
Scrolls
 g - a scroll of amnesia {unknown}
Potions
 e - a potion of resistance
 f - a potion of attraction
 h - a potion of curing {unknown}


   Skills:
 + Level 3.0 Fighting
 - Level 2.0 Short Blades
 - Level 2.4 Dodging
 - Level 4.0 Stealth
 + Level 2.2 Spellcasting
 + Level 3.0 Hexes


You had 4 spell levels left.
You knew the following spells:

 Your Spells              Type           Power      Damage    Failure   Level
a - Ensorcelled Hibernat  Hex/Ice        12%        N/A       17%         2

Your spell library contained the following spells:

 Spells                   Type           Power      Damage    Failure   Level
 Confusing Touch          Hex            11%        N/A       17%         3
 Tukima's Dance           Hex            11%        N/A       17%         3
 Dazzling Flash           Conj/Hex       12%        N/A       32%         3


Dungeon Overview and Level Annotations

Branches:
Dungeon (3/15)

Altars:
Nemelex Xobeh
Xom

Shops:
D:1 *


Innate Abilities, Weirdness & Mutations

You are small and have problems with some larger weapons.
You are completely attuned to the shadows.


Message History

Confirm with . or Enter, or press ? or * to list all spells.
Aiming: Ensorcelled Hibernation (safe; 17% risk of failure)
Press: ? - help, Shift-Dir - straight line, f - hobgoblin
Aim: a hobgoblin (moderately wounded, chance to affect: 57%)
The hobgoblin looks drowsy...
The helpless hobgoblin fails to defend itself.
You impale the hobgoblin!!
You kill the hobgoblin!
No target in view!
An ogre comes into view. It is wielding a +0 giant spiked club.
Okay, then.
Casting: Ensorcelled Hibernation (safe; 17% risk of failure)
Confirm with . or Enter, or press ? or * to list all spells.
Aiming: Ensorcelled Hibernation (safe; 17% risk of failure)
Press: ? - help, Shift-Dir - straight line, f - ogre
Aim: an ogre, wielding a +0 giant spiked club (wandering, hasn't noticed you, chance to affect: 39%)
The ogre shouts!
The ogre resists with some effort.
You hear a shout!
Casting: Ensorcelled Hibernation (safe; 17% risk of failure)
Confirm with . or Enter, or press ? or * to list all spells.
Aiming: Ensorcelled Hibernation (safe; 17% risk of failure)
Press: ? - help, Shift-Dir - straight line, f/p - ogre
Aim: an ogre, wielding a +0 giant spiked club (chance to affect: 39%)
The ogre looks drowsy...
The helpless ogre fails to defend itself.
You impale the ogre!!
The ogre is almost dead.
The ogre hits you with a +0 giant spiked club!
Okay, then.
You fade into invisibility!
The ogre misses you.
You hit the ogre but do no damage.
The ogre is almost dead.
You hit the ogre.
The ogre is almost dead.
The ogre hits you with a +0 giant spiked club!
Ouch! That really hurt!
You die...
Your body disappears without a glow.

..≈.#.. .≈.. #.≈.#.###.≈..
#.≈B......≈.# #.≈≈≈≈≈≈≈≈≈.#
#..@O.......#
###########.†####. ##.##
##.###.# ##.#.## ##.#...
##.###.#########..# #.##
##...........# ###.#
.###.###.##########.####.#.#
......#.## ........#
........# ###.....#


You could see an ogre and a giant cockroach.

Vanquished Creatures
  An adder (D:2)
  7 ball pythons
  2 endoplasms
  3 giant cockroaches (D:2)
  A goblin (D:2)
  4 hobgoblins
  A quokka (D:1)
  5 bats
  A frilled lizard (D:1)
  2 kobolds
  4 rats
31 creatures vanquished.

Notes
Turn   | Place    | Note
-------+----------+-------------------------------------------
     0 | D:1      | Krehm the Kobold Enchanter began the quest for the Orb.
     0 | D:1      | Reached XP level 1. HP: 10/10 MP: 3/3
     2 | D:1      | Noticed a dwarf
     4 | D:1      | Noticed a draconian
     4 | D:1      | Noticed an ogre
     6 | D:1      | Noticed a troll
     8 | D:1      | Noticed a demonspawn
    10 | D:1      | Noticed a merfolk
    12 | D:1      | Noticed an octopode
    12 | D:1      | Noticed a vine stalker
    14 | D:1      | Noticed a formicid
    14 | D:1      | Noticed a felid
    16 | D:1      | Noticed a naga
    16 | D:1      | Noticed a human
    18 | D:1      | Noticed a demigod
    18 | D:1      | Noticed a minotaur
    20 | D:1      | Noticed an elf
    20 | D:1      | Noticed a vampire
    22 | D:1      | Noticed a ghoul
    22 | D:1      | Noticed a spriggan
    24 | D:1      | Noticed a tengu
    26 | D:1      | Noticed a gargoyle
   518 | D:1      | Reached skill level 1 in Fighting
   819 | D:1      | Reached XP level 2. HP: 16/16 MP: 5/5
   822 | D:1      | Learned a level 2 spell: Ensorcelled Hibernation
   906 | D:1      | Found Qeolossu's Assorted Antiques.
   948 | D:1      | You fall into a shaft and drop 1 floor!
  1005 | D:2      | Reached XP level 3. HP: 22/22 MP: 6/6
  1722 | D:2      | Found a faded altar of an unknown god.
  1777 | D:2      | Found a shimmering altar of Xom.
  2218 | D:3      | Found a sparkling altar of Nemelex Xobeh.
  2225 | D:3      | Became a worshipper of Nemelex Xobeh the Trickster
  2378 | D:3      | Noticed an ogre
  2386 | D:3      | Slain by an ogre

Illustrated notes

Levels and vault maps discovered:
D:1:      kb_arrival_jail, layout_basic, serial_shops, nicolae_square_shop,
          hangedman_abyss_or_decor_stabs
D:2:      layout_loops_corners, shapermc_ecumenical_altar_acropolis, basic_altar
D:3:      layout_loops_ring, nzn_wu_jian_council_hall,
          nemelex_xobeh_ov_fountains_minmay, mainiacjoe_overflow_tiny_flanked,
          mainiacjoe_overflow_brackets, minmay_crystal_room, uniq_sigmund

Skill      XL: |  1  2  3 |
---------------+----------+-----
Fighting       | 1 2 3 |  3.0
Short Blades   | 2 |  2.0
Dodging        | |  2.4
Stealth        | |  4.0
Spellcasting   | |  2.2
Hexes          | |  3.0

Action                   || total
-------------------------++-------
Melee: Dagger            ||    62
       Punch             ||     2
 Cast: Ensorcelled Hiber ||     8
  Use: Scroll            ||     2
       Potion            ||     1
 Stab: Sleeping          ||    26
       Distracted        ||     1
Armor: Robe              ||     9
Dodge: Dodged            ||    27
